 Dungeon Crawl Stone Soup version 0.27-a0-1278-g6cbc8dfb29 (webtiles) character file.

Game seed: 6561777976885744348

147070 Zonian the Envoy of Void (level 18, -6/136 HPs)
             Began as a Human Conjurer on June 11, 2021.
             Was a High Priest of Lugonu.
             Mangled by Mara (illusionary) (13 damage)
             ... on level 3 of the Spider Nest on June 12, 2021.
             The game lasted 05:04:15 (113175 turns).

Zonian the Envoy of Void (Human Conjurer)         Turns: 113175, Time: 05:04:15

Health: -6/136     AC: 12    Str:  9    XL:     18   Next: 8%
Magic:  26/41      EV: 16    Int: 25    God:    Lugonu [*****.]
Gold:   581        SH:  0    Dex: 15    Spells: 3/37 levels left

rFire    . . .     SeeInvis .   P - staff of conjuration
rCold    . . .     Faith    .   (no shield)
rNeg     . . .     Spirit   .   y - +2 leather armour {rPois}
rPois    +         Reflect  .   V - +2 helmet {Int+3}
rElec    .         Harm     .   A - scarf {shadows}
rCorr    .         Rampage  .   z - +2 pair of gloves {Stlth+}
Will     +....                  n - +0 pair of boots
Stlth    +++++.....             r - amulet "Ipueqehe" {Acrobat rPois}
HPRegen  0.32/turn              b - ring of magical power
MPRegen  0.27/turn              S - ring of Shadows {Umbra +Inv Stlth+}

@: confused, ambrosia-drunk, hasted, wreathed by umbra, very quick
A: no striking features
a: Renounce Religion, Evoke Invisibility, Depart the Abyss, Bend Space, Banish,
Corrupt, Enter the Abyss


You were on level 3 of the Spider Nest.
You worshipped Lugonu.
Lugonu was extremely pleased with you.
You visited 4 branches of the dungeon, and saw 26 of its levels.
You also visited: Sewer.

You collected 3279 gold pieces.
You spent 2698 gold pieces at shops.

Inventory:

Hand Weapons
 d - a +2 quarterstaff of electrocution
 j - the +2 quarterstaff "Urari" {vorpal, rPois rF+ Will+}
   (You found it on level 6 of the Lair of Beasts)

   It inflicts extra damage upon your enemies.
   It protects you from fire.
   It protects you from poison.
   It increases your willpower.
 H - a +2 scimitar of flaming
 N - a +1 dagger of venom
Missiles
 g - 94 poisoned darts
 i - 13 javelins
 C - 7 curare-tipped darts
 R - 12 atropa-tipped darts
Armour
 n - a +0 pair of boots (worn)
 y - a +2 leather armour of poison resistance (worn)
 z - a +2 pair of gloves of stealth (worn)
 A - a scarf of shadows (worn)
 F - a +4 ring mail of poison resistance
 V - a +2 helmet of intelligence (worn)
Magical Staves
 P - a staff of conjuration (weapon)
Jewellery
 b - a ring of magical power (left hand)
 c - a ring of resist corrosion
 e - an amulet of faith
 m - a +4 ring of protection
 o - a ring of see invisible
 q - a +6 ring of strength
 r - the amulet "Ipueqehe" (around neck) {Acrobat rPois}
   (You acquired it on level 2 of the Spider Nest)

   [amulet of the acrobat]

   It increases your evasion while moving and waiting.
   It protects you from poison.
 u - a ring of flight
 D - the ring of Ymaucol {rF+ rN+ rCorr Slay+3}
   (You bought it in a shop on level 4 of the Dungeon)

   [ring of positive energy]

   It affects your accuracy and damage with ranged weapons and melee attacks
   (+3).
   It protects you from fire.
   It protects you from negative energy.
   It protects you from acid and corrosion.
 J - an amulet of guardian spirit
 L - a ring of ice
 Q - a +6 ring of intelligence
 S - the ring of Shadows (right hand) {Umbra +Inv Stlth+}
   (You found it on level 2 of the Lair of Beasts)

   [ring of stealth]

   It lets you turn invisible.
   It makes you more stealthy.
 Y - a ring of poison resistance
 Z - a +4 ring of evasion
Wands
 t - a wand of mindburst (4)
 B - a wand of polymorph (7)
 I - a wand of digging (1)
 O - a wand of iceblast (4)
 U - a wand of paralysis (8)
 X - a wand of flame (16)
Scrolls
 p - 2 scrolls of teleportation
 s - a scroll of fear
 v - a scroll of silence
 w - a scroll of fog
 G - 4 scrolls of blinking
 T - 9 scrolls of identify
Potions
 a - 3 potions of might
 f - 2 potions of berserk rage
 h - 2 potions of cancellation
 x - a potion of resistance
 K - 9 potions of lignification
 M - 3 potions of flight
Miscellaneous
 l - a piece from Xom's chessboard (15/15)
 E - a lightning rod (4/4)


   Skills:
 + Level 10.5 Fighting
 - Level 6.0 Short Blades
 + Level 8.9 Staves
 - Level 1.3 Armour
 + Level 10.8 Dodging
 - Level 9.2 Stealth
 + Level 10.0 Spellcasting
 - Level 10.5 Conjurations
 - Level 5.0 Hexes
 + Level 10.4 Translocations
 + Level 6.6 Air Magic
 + Level 8.4 Earth Magic
 - Level 5.0 Poison Magic
 + Level 11.4 Invocations
 + Level 3.4 Evocations


You had 3 spell levels left.
You knew the following spells:

 Your Spells              Type           Power      Damage    Failure   Level
a - Magic Dart            Conj           100%       1d8       1%          1
b - Searing Ray           Conj           100%       3d7       1%          2
c - Blink                 Tloc           N/A        N/A       1%          2
d - Iskenderun's Mystic   Conj/Tloc      78%        2d16      1%          4
e - Mephitic Cloud        Conj/Pois/Air  65%        N/A       1%          3
f - Stone Arrow           Conj/Erth      100%       3d13      1%          3
g - Dazzling Flash        Conj/Hex       100%       N/A       1%          3
h - Fulminant Prism       Conj/Hex       33%        3d16      2%          4
i - Lee's Rapid Deconstr  Erth           26%        3d15*     6%          5
j - Airstrike             Air            22%        N/A       4%          4
k - Swiftness             Air            45%        N/A       1%          3

Your spell library contained the following spells:

 Spells                   Type           Power      Damage    Failure   Level
 Apportation              Tloc           100%       N/A       1%          1
 Corona                   Hex            41%        N/A       1%          1
 Foxfire                  Conj/Fire      100%       2x1d9     1%          1
 Sandblast                Erth           100%       2d20      1%          1
 Shock                    Conj/Air       100%       1d9       1%          1
 Passwall                 Tmut/Erth      27%        N/A       1%          2
 Slow                     Hex            37%        N/A       1%          2
 Static Discharge         Conj/Air       70%        N/A       1%          2
 Lesser Beckoning         Tloc           30%        N/A       1%          3
 Conjure Flame            Conj/Fire      55%        6-21      2%          3
 Tukima's Dance           Hex            37%        N/A       2%          3
 Ensorcelled Hibernation  Hex/Ice        50%        N/A       3%          2
 Animate Skeleton         Necr           24%        N/A       7%          1
 Beastly Appendage        Tmut           24%        N/A       7%          1
 Summon Small Mammal      Summ           48%        N/A       7%          1
 Spider Form              Tmut/Pois      12%        N/A       7%          3
 Call Imp                 Summ           12%        N/A       10%         2
 Wereblood                Tmut           12%        N/A       10%         2
 Lightning Bolt           Conj/Air       35%        1d53      5%          5
 Animate Armour           Summ/Erth      66%        N/A       12%         4
 Petrify                  Tmut/Erth      33%        N/A       12%         4
 Summon Lightning Spire   Summ/Air       29%        N/A       17%         4
 Silence                  Hex/Air        20%        N/A       17%         5
 Conjure Ball Lightning   Conj/Air       35%        3x3d11    30%         6
 Borgnjor's Vile Clutch   Necr/Erth      16%        N/A       32%         5
 Ice Form                 Ice/Tmut       12%        N/A       54%         4
 Alistair's Intoxication  Tmut/Pois      16%        N/A       54%         5
 Invisibility             Hex            18%        N/A       78%         6
 Shadow Creatures         Summ           N/A        N/A       100%        6
 Storm Form               Tmut/Air       14%        N/A       100%        7


Dungeon Overview and Level Annotations

Branches:
Dungeon (15/15)            Temple (0/1) D:4            Lair (6/6) D:11
  Swamp (0/4) Lair:3       Spider (3/4) Lair:3        Slime (0/5) Lair:6
    Orc (2/2) D:11            Elf (0/3) Orc:2        Vaults (0/5) D:13
 Depths (0/5) D:15          Sewer (visited)

Altars:
Ashenzari
Cheibriados
Dithmenos
Elyvilon
Fedhas
Gozag
Hepliaklqana
Nemelex Xobeh
Okawaru
Qazlal
Sif Muna
Vehumet
Wu Jian
Yredelemnul
The Shining One
Jiyva
Lugonu

Shops:
D:4 *(*:[   D:6 *   D:7 ?   Orc:2 !([(

Annotations:
D:9 1 transporter
D:11 corrupted, exclusion: fire crab
Lair:2 mdk's ghost, journeyman MiHu
Lair:3 1 runed translucent door, Boykkour's ghost, journeyman PaFi
Lair:6 exclusions: catoblepas and oklob plant
Spider:1 Asterion; Roxanne
Spider:3 Mara
Orc:1 3 runed translucent doors, exclusion: obsidian statue, Cehut's ghost, journeyman VSFi


Message History

There is a stone staircase leading down, spattered with blood here.
Unknown command.
You're too confused to move!
Mara gestures at you. The bolt of fire misses you.
The jumping spider leaps!
Mara hits you with a +2 demon trident of electrocution!
* * * LOW HITPOINT WARNING * * *
The tarantella completely misses you.
Unknown command.
You closely miss Mara.
The jumping spider leaps!
Unknown command.
The tarantella closely misses you. Mara misses you. Mara completely misses you.
The jumping spider leaps!
Unknown command.
You hit Mara but do no damage. The tarantella misses you.
Mara says, "I stand as high above you as a star above the ocean's bottom."
Mara hits you from afar with a +2 demon trident of electrocution.
* * * LOW HITPOINT WARNING * * *
Unknown command.
You barely miss Mara.
Mara hits you with a +2 demon trident of electrocution!
* * * LOW HITPOINT WARNING * * *
You are electrocuted!
* * * LOW HITPOINT WARNING * * *
Mara blinks!
The tarantella bites you but does no damage.
You are more confused.
You feel invigorated.
Mara blinks!
The tarantella bites you.
* * * LOW HITPOINT WARNING * * *
Unknown command.
Mara closely misses you.
Mara says, "I mislead the hearts of men!"
Mara barely misses you. Zonian's illusion casts a spell at you.
The magic dart hits you!
* * * LOW HITPOINT WARNING * * *
The jumping spider leaps!
You hit Mara but do no damage.
Mara hits you with a +2 demon trident of electrocution!
You die...

**** *,,** ##** **,,.#*#.!* ###
*,,,..##..* ##R#####
*,,,#!....####..@...###
#*###...($.##$..sR.<..##***
##≈##......#...§.>.....#,,**
≈≈≈≈##.$...○....§.........,*
≈≈≈≈#................R..[.,**
.≈≈###......@.............,,*
≈≈≈≈#.......†..s..........,,*
.≈≈≈##......°.............,,***
.≈≈###.^................,,,,*,*


You could see 3 Maras, a jumping spider, a tarantella and Zonian's illusion.

Vanquished Creatures
  Rupert (Lair:4)
  Kirke (Lair:4)
  7 entropy weavers
  Fannar (D:10)
  10 hydras
  An ogre mage (D:15)
  A vault guard (D:13)
  The ghost of Snikeer the Frost Mage, a journeyman GnIE of Ashenzari (D:11)
  3 ghost crabs (D:11)
  A catoblepas (Lair:6)
  2 centaur warriors
  4 boulder beetles
  8 two-headed ogres
  A death yak (Lair:6)
  An orc high priest (Orc:2)
  2 tengu warriors
  Urug (Lair:4)
  6 fire crabs (D:11)
  6 skeletal warriors
  A sea snake (shapeshifter) (D:13)
  5 wizards
  2 orc knights
  2 necromancers (D:13)
  Pikel (D:7)
  2 deep elf pyromancers
  An orc sorcerer (D:15)
  14 orb spiders
  20 ugly things
  22 wolf spiders
  A manticore (D:14)
  6 cyclopes
  A moth of wrath (Spider:1)
  13 elephants
  Maurice (D:9)
  6 black mambas
  An apocalypse crab (D:11)
  2 gargoyles
  12 cane toads
  10 demonic crawlers
  2 efreet
  A kobold demonologist (D:13)
  12 komodo dragons
  A yaktaur (D:13)
  A freezing wraith (D:12)
  4 rime drakes
  5 trolls
  29 jumping spiders
  A tyrant leech (Lair:3)
  7 polar bears
  3 slime creatures
  Prince Ribbit (D:8)
  8 hornets
  4 dream sheep (Lair:6)
  5 blink frogs
  15 spriggans
  2 shadows
  2 tarantellas (shapeshifter) (D:14)
  43 redbacks
  28 tarantellas
  3 wraiths
  19 yaks
  2 wyverns
  17 humans (D:13)
  6 basilisks
  13 vampire mosquitoes
  Grum (D:8)
  4 steam dragons
  An acid dragon (D:14)
  4 wargs (Orc:1)
  2 swamp worms (Lair:3)
  12 water moccasins
  Purgy (Sewer)
  An ice beast (D:6)
  A hornet zombie (D:8)
  37 orc warriors
  10 black bears
  A meliai simulacrum (D:14)
  12 ogres
  49 wolves
  7 boggarts
  A necrophage (D:5)
  18 centaurs
  2 phantoms
  22 bullfrogs
  2 lemures (D:7)
  A kobold brigand (D:9)
  A gnoll sergeant (D:11)
  4 scorpions
  A water moccasin zombie (D:6)
  A troll zombie (D:11)
  A water moccasin skeleton (D:2)
  11 killer bees
  13 wights
  14 electric eels
  2 howler monkeys (D:11)
  3 centaur zombies
  A bullfrog zombie (D:6)
  4 hounds
  14 orc priests
  A bullfrog skeleton (D:6)
  3 centaur skeletons
  3 gnoll shamans
  An iguana (D:4)
  14 orc wizards
  A scorpion zombie (D:5)
  4 hell rats (Lair:5)
  A killer bee zombie (D:9)
  7 ogre zombies (D:11)
  Robin (D:4)
  14 gnolls
  4 adders
  2 shadow imps
  2 white imps
  An ufetubus (D:6)
  5 dart slugs
  70 orcs
  7 endoplasms
  6 giant cockroaches
  18 goblins
  9 hobgoblins
  7 jackals
  8 quokkas
  9 ball pythons
  6 bats
  7 frilled lizards
  3 goblin skeletons (D:11)
  3 goblin zombies (D:11)
  3 hobgoblin zombies (D:11)
  8 kobolds
  3 orc skeletons (D:11)
  13 orc zombies (D:11)
  5 rats
  A spectral orc (D:7)
924 creatures vanquished.

Vanquished Creatures (collateral kills)
  A two-headed ogre (D:10)
  A wolf spider (Spider:1)
  A cyclops (D:13)
  A tarantella (Spider:2)
  A centaur (D:9)
  An orc wizard (D:9)
6 creatures vanquished.

Vanquished Creatures (others)
  A wizard (D:13)
  A wolf spider (Spider:1)
  3 humans (Lair:4)
  A bush (Lair:6)
  5 fulminant prisms
  106 fungi
  160 plants
  6 withered plants (D:11)
283 creatures vanquished.

Grand Total: 1213 creatures vanquished

Notes
Turn   | Place    | Note
-------+----------+-------------------------------------------
     0 | D:1      | Zonian the Human Conjurer began the quest for the Orb.
     0 | D:1      | Reached XP level 1. HP: 13/13 MP: 3/3
   388 | D:1      | Reached XP level 2. HP: 19/19 MP: 1/5
   391 | D:1      | Learned a level 2 spell: Searing Ray
   631 | D:1      | Found a faded altar of an unknown god.
   662 | D:1      | Became a worshipper of Lugonu the Unformed
   662 | D:1      | Reached * piety under Lugonu
   662 | D:1      | Reached ** piety under Lugonu
  1334 | D:1      | Reached XP level 3. HP: 24/24 MP: 3/6
  2684 | D:2      | Reached XP level 4. HP: 30/30 MP: 1/7
  3349 | D:2      | Reached skill level 1 in Fighting
  3349 | D:2      | Reached XP level 5. HP: 21/37 MP: 1/8
  4019 | D:3      | Reached skill level 1 in Short Blades
  4127 | D:2      | Reached skill level 5 in Conjurations
  4127 | D:2      | Reached skill level 1 in Invocations
  5235 | D:3      | Found an ornate altar of the Wu Jian Council.
  5549 | D:3      | Noticed a phantom
  5593 | D:3      | Killed a phantom
  5594 | D:3      | Reached XP level 6. HP: 43/43 MP: 0/9
  6733 | D:3      | Reached *** piety under Lugonu
  7519 | D:4      | Found a staircase to the Ecumenical Temple.
  7523 | D:4      | Found Ruif Gosk's Assorted Antiques.
  7532 | D:4      | Bought a scroll labelled XIOCIG EVONN for 31 gold pieces
  7869 | D:4      | Learned a level 2 spell: Blink
  7874 | D:4      | Learned a level 4 spell: Iskenderun's Mystic Blast
  8019 | D:4      | Found a glowing golden altar of the Shining One.
  8021 | D:4      | Noticed an angel
  8146 | D:4      | Found a basalt altar of Yredelemnul.
  8152 | D:4      | Noticed a profane servitor
  8184 | D:4      | Noticed Robin
  8204 | D:4      | Killed Robin
  8218 | D:4      | Reached skill level 2 in Invocations
  8218 | D:4      | Reached XP level 7. HP: 50/50 MP: 1/11
  8468 | D:4      | Found Gunomuk's Book Emporium.
  8530 | D:4      | Found Fuarorph's Armour Emporium.
  8809 | D:4      | Found Pocsil's Weapon Emporium.
  8870 | D:4      | Found Renuis's Assorted Antiques.
  8873 | D:4      | Bought a potion of heal wounds for 80 gold pieces
  9023 | D:5      | Entered Level 5 of the Dungeon
  9224 | D:5      | Found a glowing drain.
  9229 | Sewer    | Entered a sewer
  9497 | Sewer    | Noticed Purgy
  9504 | Sewer    | Killed Purgy
  9505 | Sewer    | Reached skill level 1 in Translocations
 10498 | D:5      | Found an iron altar of Okawaru.
 10792 | D:5      | Found a shadowy altar of Dithmenos.
 11094 | D:5      | Reached XP level 8. HP: 57/57 MP: 7/12
 12376 | D:6      | Reached skill level 3 in Invocations
 12812 | D:6      | Found a blossoming altar of Fedhas.
 13012 | D:6      | Found a snail-covered altar of Cheibriados.
 14105 | D:6      | Reached XP level 9. HP: 42/64 MP: 4/14
 15212 | D:6      | Found Osil Pyoj's Assorted Antiques.
 16142 | D:4      | Bought a coiled jade ring for 80 gold pieces
 16142 | D:4      | Identified the ring of Ymaucol {rF+ rN+ rCorr Slay+3} (You
                  | bought it in a shop on level 4 of the Dungeon)
 16401 | D:7      | Reached skill level 4 in Invocations
 16538 | D:7      | Found Aqawerewk's Magic Scroll Shoppe.
 16663 | D:7      | Reached skill level 5 in Stealth
 17589 | D:7      | Reached skill level 5 in Dodging
 18245 | D:4      | Bought an iron wand for 64 gold pieces
 18423 | D:7      | Noticed Pikel
 18440 | D:7      | Killed Pikel
 18441 | D:7      | Reached XP level 10. HP: 63/73 MP: 5/16
 18718 | D:7      | Found a stormy altar of Qazlal.
 18887 | D:7      | Found a hazy altar of Hepliaklqana.
 19875 | D:8      | Noticed a two-headed ogre
 20229 | D:7      | Killed a two-headed ogre
 20230 | D:7      | Reached skill level 5 in Spellcasting
 20230 | D:7      | Reached skill level 5 in Invocations
 21346 | D:8      | Noticed Grum
 21369 | D:8      | Reached skill level 5 in Short Blades
 21369 | D:8      | Killed Grum
 21377 | D:8      | Reached skill level 5 in Fighting
 23116 | D:8      | Reached XP level 11. HP: 71/80 MP: 13/19
 23472 | D:8      | Noticed Prince Ribbit
 23477 | D:8      | Killed Prince Ribbit
 23544 | D:8      | You fall into a shaft and drop 2 floors!
 23544 | D:10     | Entered Level 10 of the Dungeon
 23708 | D:8      | Found a broken altar of Ashenzari.
 23708 | D:8      | Found a shimmering blue altar of Sif Muna.
 23767 | D:8      | Reached **** piety under Lugonu
 24972 | D:7      | Bought 3 scrolls of fear for 157 gold pieces
 25041 | D:8      | Reached skill level 5 in Translocations
 25613 | D:8      | Found a white marble altar of Elyvilon.
 26175 | D:9      | Reached skill level 6 in Invocations
 26685 | D:9      | Noticed a two-headed ogre
 26687 | D:9      | Noticed Maurice
 26710 | D:9      | Killed Maurice
 27798 | D:9      | Found a sparkling altar of Nemelex Xobeh.
 27800 | D:9      | Found a transporter.
 27800 | D:9      | Noticed a manticore
 27808 | D:9      | Noticed a harpy
 27808 | D:9      | a basilisk changed into a harpy
 27815 | D:9      | Noticed a fire crab
 27815 | D:9      | a harpy changed into a fire crab
 27829 | D:9      | a fire crab changed into a meliai
 28008 | D:9      | Noticed a glowing orange brain
 28008 | D:9      | a torpor snail changed into a glowing orange brain
 28205 | D:10     | Noticed a two-headed ogre
 28212 | D:10     | Killed a two-headed ogre
 29138 | D:9      | Learned a level 3 spell: Mephitic Cloud
 31014 | D:10     | Noticed Fannar
 31135 | D:10     | Noticed a two-headed ogre
 31144 | D:10     | Killed a two-headed ogre
 31145 | D:10     | Reached skill level 1 in Staves
 31145 | D:10     | Reached skill level 1 in Air Magic
 31145 | D:10     | Reached skill level 1 in Poison Magic
 31152 | D:10     | Noticed a two-headed ogre
 31180 | D:10     | Killed a two-headed ogre
 31504 | D:10     | Killed Fannar
 31505 | D:10     | Reached XP level 12. HP: 46/88 MP: 0/21
 31910 | D:6      | Bought a scroll of blinking for 172 gold pieces
 32236 | D:10     | Upgraded the game from 0.27-a0-1256-gced786f65e to
                  | 0.27-a0-1273-gec92ba881d
 32423 | D:11     | Found a staircase to the Orcish Mines.
 33552 | D:11     | Reached skill level 7 in Invocations
 33832 | D:11     | Learned a level 3 spell: Stone Arrow
 34367 | D:11     | Reached ***** piety under Lugonu
 34643 | D:11     | Found a staircase to the Lair.
 34671 | D:11     | Found a runed translucent gate.
 34671 | D:11     | Found a runed translucent gate.
 34671 | D:11     | Found a runed translucent gate.
 34675 | D:11     | Noticed mdk's ghost (journeyman MiHu)
 34675 | D:11     | Noticed Snikeer's ghost (journeyman GnIE)
 35012 | D:11     | Found a runed translucent door.
 35629 | D:11     | Noticed a fire crab
 35698 | Lair:1   | Entered Level 1 of the Lair of Beasts
 35937 | Lair:1   | Noticed a six-headed hydra
 36146 | Lair:1   | Reached skill level 1 in Earth Magic
 36806 | Lair:1   | Killed a six-headed hydra
 37978 | Lair:2   | Noticed an eight-headed hydra
 39005 | Lair:1   | Reached XP level 13. HP: 69/95 MP: 14/23
 41870 | Lair:2   | Found the ring of Shadows {Umbra +Inv Stlth+}
 42160 | D:6      | Bought a bone ring for 115 gold pieces
 42160 | D:6      | Identified a scroll of acquirement
 42160 | D:6      | Acquired 405 gold pieces
 45632 | Lair:2   | Reached skill level 1 in Armour
 48015 | Lair:3   | Noticed a four-headed hydra
 48025 | Lair:3   | Killed a four-headed hydra
 48026 | Lair:3   | Reached skill level 8 in Invocations
 49180 | Lair:3   | Noticed a four-headed hydra
 49562 | Lair:3   | Found a hole to the Spider Nest.
 49656 | Lair:3   | Found a runed translucent door.
 49657 | Lair:3   | Noticed Boykkour's ghost (journeyman PaFi)
 49657 | Lair:3   | Identified the +9 spear of Jinaran {drain, Dex+3 Stlth+}
 49758 | Lair:3   | Killed a four-headed hydra
 49982 | Lair:3   | Found a staircase to the Swamp.
 51331 | Lair:4   | Noticed Rupert
 51737 | Lair:4   | Noticed Kirke
 52247 | Lair:4   | Killed Kirke
 53222 | Lair:4   | Noticed Urug
 53255 | Lair:4   | Reached XP level 14. HP: 48/103 MP: 4/25
 54362 | Lair:4   | Killed Urug
 54914 | D:7      | Bought a scroll of summoning for 142 gold pieces
 54914 | D:7      | Bought a scroll of teleportation for 45 gold pieces
 54914 | D:7      | Bought a scroll of teleportation for 45 gold pieces
 54956 | D:6      | Bought a peridot ring for 115 gold pieces
 56103 | Lair:5   | Reached skill level 5 in Poison Magic
 57008 | Lair:5   | Learned a level 3 spell: Dazzling Flash
 57716 | Lair:5   | Found a hazy altar of Hepliaklqana.
 57790 | Lair:6   | Entered Level 6 of the Lair of Beasts
 57986 | Lair:6   | Found a viscous altar of Jiyva.
 58837 | Lair:5   | Reached skill level 5 in Staves
 59839 | Lair:6   | Reached skill level 5 in Air Magic
 59903 | Lair:6   | HP: 1/104 [black mamba (14)]
 63533 | Lair:6   | Reached skill level 9 in Invocations
 64077 | Lair:6   | Reached skill level 5 in Earth Magic
 65134 | Lair:6   | Reached XP level 15. HP: 111/111 MP: 6/27
 65910 | Lair:6   | Identified the +2 quarterstaff "Urari" {vorpal, rPois rF+
                  | Will+}
 66254 | Lair:6   | Found a staircase to the Slime Pits.
 67359 | D:11     | Reached skill level 10 in Conjurations
 74112 | D:12     | Learned a level 4 spell: Fulminant Prism
 75934 | D:13     | Reached skill level 1 in Hexes
 76849 | D:13     | Found a gate to the Vaults.
 76889 | D:13     | Reached skill level 10 in Invocations
 77711 | D:14     | Reached XP level 16. HP: 120/120 MP: 21/28
 78264 | D:14     | Learned a level 5 spell: Lee's Rapid Deconstruction
 78559 | D:15     | Entered Level 15 of the Dungeon
 86800 | D:15     | Reached skill level 10 in Dodging
 87809 | D:15     | Found a staircase to the Depths.
 88347 | D:15     | Upgraded the game from 0.27-a0-1273-gec92ba881d to
                  | 0.27-a0-1278-g6cbc8dfb29
 88481 | Orc:1    | Entered Level 1 of the Orcish Mines
 88687 | Orc:1    | Found a runed translucent gate.
 88687 | Orc:1    | Found a runed translucent gate.
 88687 | Orc:1    | Found a runed translucent gate.
 88688 | Orc:1    | Found an opulent altar of Gozag.
 88791 | Orc:1    | Noticed Cehut's ghost (journeyman VSFi)
 88944 | Orc:2    | Entered Level 2 of the Orcish Mines
 91871 | Orc:2    | Found a staircase to the Elven Halls.
 91883 | Orc:2    | Found a radiant altar of Vehumet.
 92836 | Orc:2    | Found Daejix's Weapon Shoppe.
 92836 | Orc:2    | Found Wargh's Armour Boutique.
 92837 | Orc:2    | Found Plog's Weapon Shop.
 92839 | Orc:2    | Found Awo Puesch's Distillery.
 93007 | Orc:2    | Bought a +0 pair of gloves of stealth for 126 gold pieces
 93048 | Orc:2    | Bought a potion of might for 68 gold pieces
 93048 | Orc:2    | Bought a potion of curing for 51 gold pieces
 93048 | Orc:2    | Bought a potion of curing for 51 gold pieces
 93048 | Orc:2    | Bought a potion of haste for 170 gold pieces
 93048 | Orc:2    | Bought a potion of cancellation for 136 gold pieces
 93048 | Orc:2    | Bought a potion of curing for 51 gold pieces
 93048 | Orc:2    | Bought 2 potions of magic for 272 gold pieces
 93453 | Orc:2    | Found a shimmering blue altar of Sif Muna.
 93517 | Orc:2    | Identified Sif Muna's Grimoire of the Arsonist
 94215 | D:11     | Killed Snikeer's ghost
 95160 | D:11     | Corrupted D:11
 95160 | D:11     | Noticed a tentacled starspawn
 95160 | D:11     | Noticed a tentacled starspawn
 95160 | D:11     | Noticed a bone dragon
 95670 | Spider:1 | Entered Level 1 of the Spider Nest
 95713 | Spider:1 | Reached XP level 17. HP: 103/127 MP: 12/30
 96140 | Spider:1 | Reached skill level 10 in Fighting
 96535 | D:4      | Bought a potion of curing for 48 gold pieces
 96602 | D:7      | Bought a scroll of enchant armour for 112 gold pieces
 96602 | D:7      | Bought a scroll of enchant armour for 112 gold pieces
 98028 | D:4      | Bought a book of Air for 455 gold pieces
 98033 | D:4      | Learned a level 4 spell: Airstrike
 98867 | Lair:4   | Paralysed by Rupert for 5 turns
 98884 | Lair:4   | Killed Rupert
 98885 | Lair:4   | Reached skill level 1 in Evocations
 99750 | Spider:1 | Reached skill level 10 in Translocations
101257 | Spider:1 | Reached skill level 11 in Invocations
102531 | Spider:1 | Noticed Roxanne
102547 | Spider:1 | HP: 1/128 [Roxanne/crystal spear (30)]
103225 | Spider:1 | Glimpsed the power of Zot.
104116 | Spider:2 | Noticed Asterion
106651 | Spider:2 | Reached skill level 5 in Hexes
108952 | Spider:2 | Acquired the amulet "Ipueqehe" {Acrobat rPois}
109248 | Spider:2 | Glimpsed the power of Zot.
109991 | Spider:3 | Noticed Mara
111515 | Spider:2 | Reached skill level 10 in Spellcasting
112588 | Spider:2 | Learned a level 3 spell: Swiftness
112650 | Spider:3 | Reached XP level 18. HP: 105/136 MP: 28/32
112841 | Spider:3 | Noticed Zonian's illusion
113162 | Spider:3 | Noticed Zonian's illusion
113174 | Spider:3 | HP: 6/136 [Zonian's illusion (illusionary)/magic dart[Mara]
                  | (8)]
113175 | Spider:3 | Mangled by Mara (illusionary)

Illustrated notes

Levels and vault maps discovered:
D:1:      dpeg_cavernosity, layout_basic,
          shapermc_ecumenical_altar_starsandcircs
D:2:      layout_basic, minmay_tetromino_l4
D:3:      layout_basic, nicolae_wu_jian_immortal_techniques, minmay_starry_boxes
D:4:      layout_basic, grunt_temple_overflow_holy_war, temple_pool_b,
          serial_shops, kennysheep_little_box, nicolae_shop_behind_doors,
          nicolae_shop_behind_doors, shop, shop_fountains, minmay_fountain_box,
          uniq_robin
D:5:      layout_basic, grunt_dithmenos_shadows, okawaru_gym_becter,
          gup_sewer_entry_spiral, kennysheep_generic_room_12
D:6:      kennysheep_steamy, layout_loops_ring, old_standard_altar,
          nicolae_overflow_hidden_temple, serial_co_window_serial,
          co_window_paths_a, co_window_of_opportunity_a, co_window_corner_a,
          co_window_corner_a, co_window_paths_a, co_window_paths_a,
          co_window_paths_a, co_window_paths_b, co_window_corner_a,
          co_window_corner_b, co_window_2corner, co_window_of_opportunity_c,
          co_window_paths_d, glass_columns_b, glass_columns_a, glass_columns_c,
          glass_columns_a, glass_columns_b, serial_shops, kennysheep_mini_moat
D:7:      layout_basic, nicolae_hepliaklqana_monster_ancestors,
          nicolae_qazlal_general_emergency, serial_shops, nicolae_shop_crystal,
          minivault_26, uniq_pikel
D:8:      cheibrodos_steamvent, layout_layer_cave, nicolae_elyvilon_temple_path,
          gammafunk_temple_overflow_wave, kennysheep_boxes, uniq_grum,
          uniq_prince_ribbit1
D:9:      layout_loops_ring, grunt_nemelex_the_gamble, minmay_fractal_squares_5,
          uniq_maurice
D:10:     layout_big_octagon, serial_bayou, serial_bayou_ford_a,
          serial_bayou_pond_a, serial_bayou_lagoon_b, serial_bayou_lagoon_a,
          serial_bayou_pond_c, minmay_tree_intersection, uniq_fannar
D:11:     gammafunk_mikee_crab_dinner, layout_loops_corners,
          due_lair_maze_entry_diamond, zombieorc2_lemuel,
          gammafunk_ghost_cemetery
D:12:     layout_rooms, gauntlet_entry_generic
D:13:     layout_loops_cross, grunt_vaults_entry_tiered, special_room
          [special_room_orc]
D:14:     layout_long_grid, grunt_decor_one_mirror, minivault_1,
          minmay_the_grid_square_5x5_3x3_mashed
          [minmay_the_grid_square_5x5_checkered_statues,
          minmay_the_grid_square_5x5_sharp_hourglass,
          minmay_the_grid_square_5x5_empty,
          minmay_the_grid_square_5x5_checkered,
          minmay_the_grid_square_5x5_megaprize_hollow,
          minmay_the_grid_square_5x5_bite,
          minmay_the_grid_square_5x5_beaten_path,
          minmay_the_grid_square_5x5_half_checkered,
          minmay_the_grid_square_5x5_two_walls_a]
D:15:     hangedman_depths_entry_civil_slaughter, layout_basic,
          hellmonk_bongcloud_opening
Lair:1:   layout_chaotic_city
Lair:2:   layout_misc_corridors, beast_lair_carwin_4, infiniplex_staircase_pool,
          serial_bayou_shore_a
Lair:3:   layout_big_grid, palyth_hydra_swamp_entry, spider_nest_entry_webs,
          ebering_ghost_funeral_grove, grunt_forest_stairs_clearing,
          infiniplex_staircase_pool_2, serial_bayou_shore_b
Lair:4:   layout_cave_pods, forest_entry_grove, uniq_urug, uniq_kirke,
          uniq_rupert
Lair:5:   layout_gridlike, lemuel_centaur_altar
Lair:6:   minmay_lair_end_enchanted_forest, layout_hall_layers,
          dpeg_slime_entry_enclosed_altar, minmay_lair_oklob_items,
          grunt_megastairs_1
Spider:1: layout_spider_delve, nicolae_spider_bug_shape, uniq_roxanne
Spider:2: nicolae_spider_hilbert_zone_7 [nicolae_spider_hilbert_4_sides_1_open,
          nicolae_spider_hilbert_4_sides_1_open,
          nicolae_spider_hilbert_4_sides_1_open,
          nicolae_spider_hilbert_4_sides_1_open,
          nicolae_spider_hilbert_3_sides_1_open,
          nicolae_spider_hilbert_3_sides_1_open,
          nicolae_spider_hilbert_3_sides_1_open,
          nicolae_spider_hilbert_3_sides_1_open,
          nicolae_spider_hilbert_4_sides_1_open,
          nicolae_spider_hilbert_4_sides_1_open,
          nicolae_spider_hilbert_4_sides_1_open,
          nicolae_spider_hilbert_2_sides_1_open,
          nicolae_spider_hilbert_2_sides_1_open,
          nicolae_spider_hilbert_2_sides_1_open,
          nicolae_spider_hilbert_2_sides_1_open,
          nicolae_spider_hilbert_2_sides_1_open,
          nicolae_spider_hilbert_2_sides_1_open], uniq_asterion
Spider:3: layout_spider_delve, nicolae_spider_cling_halls, uniq_mara
Orc:1:    layout_diamond_mine, ebering_ghost_gozag, enter_bailey_1
Orc:2:    st_orc_rangers, layout_caves, basic_altar,
          nicolae_volcano_entry_lava_flow, led_sif_book

Skill      XL: |  1  2  3  4  5  6  7  8  9 10 11 12 13 14 15 16 17 |
---------------+----------------------------------------------------+-----
Fighting       | 1 2 3 4 5 6 7 8 9 10 | 10.5
Short Blades   | 1 2 3 4 5 6 |  6.0
Conjurations   | 5 6 7 8 9 10 | 10.5
Invocations    | 1 2 3 4 5 6 7 8 9 10 11 | 11.4
Dodging        | 3 4 5 6 7 8 9 10 | 10.8
Stealth        | 3 4 5 6 7 8 9 |  9.2
Spellcasting   | 3 4 5 6 7 8 9 10 | 10.0
Translocations | 1 2 3 4 5 6 7 8 9 10 | 10.4
Staves         | 1 3 4 5 6 7 8 |  8.9
Air Magic      | 1 3 4 5 6 |  6.6
Poison Magic   | 1 3 4 5 |  5.0
Earth Magic    | 2 3 5 6 7 8 |  8.4
Armour         | 1 |  1.3
Hexes          | 1 4 5 |  5.0
Evocations     | 3 |  3.4

Action                   |  1- 3 |  4- 6 |  7- 9 | 10-12 | 13-15 | 16-18 || total
-------------------------+-------+-------+-------+-------+-------+-------++-------
Melee: Dagger            |    27 |    67 |   199 |    62 |       |     1 ||   356
       Staff             |       |       |       |   239 |   615 |   293 ||  1147
       Quarterstaff      |       |       |       |       |    90 |   129 ||   219
 Fire: Hunting sling     |       |     9 |       |       |       |       ||     9
Throw: Javelin           |       |       |       |     2 |     5 |       ||     7
       Dart              |       |       |       |       |     7 |     4 ||    11
 Cast: Magic Dart        |    56 |    90 |   111 |   297 |   394 |   342 ||  1290
       Searing Ray       |     1 |    12 |    37 |    92 |    90 |    41 ||   273
       Blink             |       |       |       |     8 |    14 |     3 ||    25
       Mephitic Cloud    |       |       |       |     8 |    34 |    46 ||    88
       Iskenderun's Myst |       |       |       |     7 |    51 |    68 ||   126
       Stone Arrow       |       |       |       |     1 |   296 |   433 ||   730
       Fulminant Prism   |       |       |       |       |       |     5 ||     5
       Dazzling Flash    |       |       |       |       |       |     4 ||     4
       Lee's Rapid Decon |       |       |       |       |       |     8 ||     8
Invok: Bend Space        |       |     1 |       |    11 |     4 |    18 ||    34
       Banish            |       |       |       |       |       |     2 ||     2
       Corrupt           |       |       |       |       |       |     1 ||     1
 Abil: Evoke Invisibilit |       |       |       |       |       |     1 ||     1
Evoke: Wand              |       |       |     1 |    22 |    27 |    23 ||    73
       Piece from Xom's  |       |       |       |       |    15 |     8 ||    23
  Use: Scroll            |       |    10 |     9 |     8 |    22 |    21 ||    70
       Potion            |       |     1 |       |     6 |     6 |    26 ||    39
 Stab: Sleeping          |       |       |     3 |     3 |     2 |     3 ||    11
       Confused          |       |       |       |     1 |     3 |     5 ||     9
       Petrified         |       |       |       |       |     6 |       ||     6
       Petrifying        |       |       |       |       |     1 |       ||     1
       Invisible         |       |       |       |       |       |     1 ||     1
Armor: Robe              |     6 |    14 |    19 |       |       |       ||    39
       Skin              |       |    29 |       |       |       |       ||    29
       Leather armour    |       |       |    39 |   129 |   354 |   292 ||   814
Dodge: Dodged            |    13 |    60 |   153 |   329 |   929 |   995 ||  2479

Table legend: (Time is in decaauts)
 A = Elapsed time spent in this place.
 B = Non-inter-level travel time spent in this place.
 C = Inter-level travel time spent in this place.
 D = Time resting spent in this place.
 E = Time spent auto-exploring this place.
 F = Levels seen in this place.
 G = Mean time per level.
                   A        B        C        D        E       F      G
               +--------+--------+--------+--------+--------+-----+--------+
         Total | 113363 | 107754 |   5609 |  73614 |  17214 |  27 | 4198.6 |
       Dungeon |  59806 |  55966 |   3840 |  35994 |  12272 |  15 | 3987.1 |
          Lair |  32557 |  31155 |   1402 |  22746 |   3007 |   6 | 5426.2 |
   Spider Nest |  14918 |  14646 |    272 |  11422 |    942 |   3 | 4972.7 |
  Orcish Mines |   5611 |   5518 |     93 |   3076 |    992 |   2 | 2805.5 |
         Sewer |    469 |    469 |      0 |    376 |      0 |   1 |  469.0 |
               +--------+--------+--------+--------+--------+-----+--------+

Top non-repeatable levels by time:
Spider:1: 8881 daAuts
    D:11: 8284 daAuts
  Lair:3: 6581 daAuts
  Lair:1: 6572 daAuts
  Lair:5: 5986 daAuts
    D:13: 5486 daAuts
    D:14: 5480 daAuts
     D:8: 5229 daAuts
Spider:2: 4963 daAuts
  Lair:6: 4936 daAuts
     D:6: 4812 daAuts
     D:7: 4705 daAuts
  Lair:2: 4286 daAuts
  Lair:4: 4193 daAuts
     D:9: 3880 daAuts
